 Dungeon Crawl Stone Soup version 0.25-a0-697-g890751e (webtiles) character file.

Game seed: 5450910739704455517, levelgen mode: deterministic

4071 robertstho the Spear-Bearer (level 10, -4/84 HPs)
             Began as a Green Draconian Berserker on Apr 1, 2020.
             Was a High Priest of Trog.
             Slain by Erica
             ... wielding a +0 scimitar of flaming
              (17 damage)
             ... on level 9 of the Dungeon.
             The game lasted 00:16:05 (6244 turns).

robertstho the Spear-Bearer (DrBe)                  Turns: 6244, Time: 00:16:05

Health: -4/84      AC: 14    Str: 26    XL:     10   Next: 5%
Magic:  10/10      EV: 16    Int:  8    God:    Trog [*****.]
Gold:   467        SH:  5    Dex: 11    Spells: 9/9 levels left

rFire    . . .     SeeInvis .   t - +1 halberd (protect)
rCold    . . .     Gourm    .   (shield currently unavailable)
rNeg     . . .     Faith    .   (armour unavailable)
rPois    +         Spirit   .   p - +2 hat
rElec    .         Reflect  +   A - +2 cloak
rCorr    .         Harm     .   (no gloves)
MR       .....                  c - +1 pair of boots
Stlth    +++.......             I - +5 amulet of reflection
HPRegen  0.24/turn              J - +4 ring of strength
MPRegen  0.12/turn              L - +1 ring of evasion

@: berserk cooldown, slowed, invisible, very slow
A: breathe noxious fumes, unfitting armour, poison resistance, cold-blooded, AC
+7
a: Breathe Noxious Fumes, Berserk, Trog's Hand, Brothers in Arms, Renounce
Religion


You were on level 9 of the Dungeon.
You worshipped Trog.
Trog was extremely pleased with you.
You were very full.

You visited 1 branch of the dungeon, and saw 9 of its levels.

You collected 577 gold pieces.
You spent 110 gold pieces at shops.

Inventory:

Hand Weapons
 a - a +0 falchion
 j - a +1 antimagic morningstar
 s - a +3 quarterstaff of chaos
 t - a +1 halberd of protection (weapon)
 T - a +1 flail of holy wrath
Missiles
 w - 7 curare-tipped darts (quivered)
 y - 9 poisoned darts
Armour
 c - a +1 pair of boots (worn)
 p - a +2 hat (worn)
 A - a +2 cloak (worn)
 K - a +2 tower shield
Jewellery
 d - an uncursed ring of ice
 e - an uncursed ring of ice
 D - an uncursed ring of magical power
 H - an uncursed amulet of the gourmand
 I - a +5 amulet of reflection (around neck)
 J - a +4 ring of strength (left hand)
 L - a +1 ring of evasion (right hand)
 O - an uncursed amulet of guardian spirit {unknown}
 R - an uncursed ring of stealth {unknown}
 S - an uncursed ring of see invisible
Wands
 M - a wand of random effects (10)
 P - a wand of paralysis (8)
 Q - a wand of flame (12)
Scrolls
 k - 2 scrolls of magic mapping {unknown}
 n - 2 scrolls of fear {unknown}
 o - 2 scrolls of amnesia {unknown}
 q - a scroll of noise {unknown}
 r - a scroll of enchant weapon {unknown}
 u - 2 scrolls of fog
 v - 3 scrolls of remove curse
 B - 3 scrolls of enchant armour
 E - a scroll of teleportation {unknown}
 N - a scroll of holy word {unknown}
Potions
 f - 2 potions of haste
 g - a potion of stabbing
 i - a potion of flight {unknown}
 l - 2 potions of might
 m - 3 potions of curing {unknown}
 x - 3 potions of lignification
 z - a potion of resistance {unknown}
 C - a potion of experience {unknown}
 F - 2 potions of heal wounds {unknown}
 G - 2 potions of cancellation
Comestibles
 b - 8 rations
 U - a chunk of flesh


   Skills:
 + Level 6.6 Fighting
 + Level 5.8 Long Blades
 + Level 8.0 Polearms
 * Level 7.1 Dodging
 * Level 6.3 Stealth
 + Level 0.2 Shields


You had 9 spell levels left.
You didn't know any spells.
Your spell library was empty.

Dungeon Overview and Level Annotations

Branches:
Dungeon (9/15)             Temple (0/1) D:7
   Lair: D:8-11         Orc: D:9-12

Altars:
Cheibriados
Elyvilon
Gozag
Kikubaaqudgha
Nemelex Xobeh
Ru
Trog
Wu Jian
The Shining One

Shops:
D:6 *

Annotations:
D:5 2 transporters, bande's ghost, novice GrFi
D:9 Erica


Innate Abilities, Weirdness & Mutations

You can breathe blasts of noxious fumes.
Your lurid green scales are hard. (AC +7)
You cannot fit into any form of body armour.
Your system is resistant to poisons. (rPois)
You are cold-blooded and may be slowed by cold attacks.


Message History

It is a scroll of enchant armour.
Your +0 pair of boots glows green for a moment.
The kobold misses you. The orc hits you but does no damage.
Erica hits you with a +0 scimitar of flaming.
Erica burns you. The kobold hits you but does no damage.
The kobold barely misses you. The orc completely misses you.
The orc closely misses you.
Erica hits you with a +0 scimitar of flaming!
* * * LOW HITPOINT WARNING * * *
Erica burns you.
* * * LOW HITPOINT WARNING * * *
You fade into invisibility!
The kobold barely misses you. The orc barely misses you.
The kobold throws a stone.
The stone hits Erica but does no damage.
The orc hits you with a +0 hand axe.
* * * LOW HITPOINT WARNING * * *
The big kobold barely misses you.
Erica hits you with a +0 scimitar of flaming!
You die...

......# ......#
#..).....# .. ......#
#........# ... #..####
#........##...
#..#########............
................<.......
#...######....§§§§......
#.#.###.......§KKo......
#.#.....##....§K@@K...>.
#.÷...####....§§oK..#...
...#.........#.§§§..#
...............#........
.........####...........
.......#.# #...........
.......#... #...........
.......##...#..#........
.......# ........##....#


You could see Erica, a big kobold, 2 orcs and 4 kobolds.

Vanquished Creatures
  A troll (D:9)
  Prince Ribbit (D:7)
  A hippogriff (D:8)
  A hungry ghost (D:8)
  Menkaure (D:7)
  Duvessa (D:7)
  A sky beast (D:5)
  An eye of draining (D:9)
  3 ice beasts
  A black bear (D:7)
  3 ogres
  A phantom (D:7)
  3 centaurs
  3 bullfrogs
  Dowan (D:7)
  2 scorpions
  3 killer bees (D:9)
  A crimson imp (D:7)
  A centaur zombie (D:5)
  2 bullfrog zombies
  3 hounds
  A quasit (D:8)
  Crazy Yiuf (D:2)
  2 bullfrog skeletons
  4 orc priests
  2 jellies (D:7)
  5 orc wizards
  4 centaur skeletons
  3 iguanas
  Jessica (D:2)
  3 worker ants
  Natasha (twice) (D:2)
  A killer bee zombie (D:9)
  A hound zombie (D:5)
  A howler monkey zombie (D:7)
  A worker ant zombie (D:9)
  3 gnolls (D:4)
  12 adders
  2 shadow imps
  An ooze (D:2)
  An adder skeleton (D:4)
  A worm (D:4)
  3 dart slugs
  3 leopard geckos
  21 orcs
  6 bats
  4 giant cockroaches
  2 goblins
  5 hobgoblins
  7 jackals
  9 kobolds
  6 quokkas
  3 frilled lizards
  2 jackal skeletons (D:4)
  2 leopard gecko skeletons
  A quokka skeleton (D:7)
  10 rats
171 creatures vanquished.

Vanquished Creatures (others)
  An orc (D:9)
  2 plants (D:9)
3 creatures vanquished.

Grand Total: 174 creatures vanquished

Notes
Turn   | Place    | Note
-------+----------+-------------------------------------------
     0 | D:1      | robertstho the Draconian Berserker began the quest for the
                  | Orb.
     0 | D:1      | Reached XP level 1. HP: 19/19 MP: 1/1
    60 | D:1      | Reached XP level 2. HP: 24/26 MP: 2/2
   781 | D:2      | Noticed Natasha
   789 | D:2      | Killed Natasha
   789 | D:2      | Reached skill level 1 in Stealth
   789 | D:2      | Reached XP level 3. HP: 15/33 MP: 3/3
   955 | D:2      | Found an ornate altar of the Wu Jian Council,
   984 | D:2      | Noticed Jessica
   996 | D:2      | Reached XP level 4. HP: 36/40 MP: 4/4
   998 | D:2      | Reached ** piety under Trog
  1001 | D:2      | Killed Jessica
  1001 | D:2      | Reached XP level 5. HP: 36/46 MP: 5/5
  1326 | D:2      | Found a runed translucent door,
  1327 | D:2      | Noticed Crazy Yiuf
  1353 | D:2      | Noticed Natasha
  1364 | D:2      | Killed Natasha
  1456 | D:2      | Found a white marble altar of Elyvilon,
  1794 | D:2      | Found a sacrificial altar of Ru,
  1869 | D:2      | Killed Crazy Yiuf
  2102 | D:3      | Found an ancient bone altar of Kikubaaqudgha,
  2592 | D:4      | Reached XP level 6. HP: 45/52 MP: 6/6
  2688 | D:4      | Found a snail-covered altar of Cheibriados,
  2823 | D:4      | Reached skill level 5 in Long Blades
  2865 | D:4      | Your scales start taking on a lurid green colour.
  2865 | D:4      | Reached XP level 7. HP: 38/60 MP: 7/7
  2865 | D:4      | Gained mutation: Your system is resistant to poisons.
                  | (rPois) [Green Draconian growth]
  2900 | D:4      | Reached *** piety under Trog
  3410 | D:5      | Entered Level 5 of the Dungeon
  3431 | D:5      | Reached skill level 5 in Dodging
  3459 | D:5      | Reached skill level 1 in Polearms
  3532 | D:5      | Noticed bande's ghost (novice GrFi)
  3535 | D:5      | Found a transporter,
  3559 | D:5      | Reached skill level 2 in Polearms
  3572 | D:5      | Reached XP level 8. HP: 46/67 MP: 8/8
  3680 | D:5      | Reached skill level 5 in Fighting
  3711 | D:5      | Found a transporter,
  3875 | D:5      | Found a bloodstained altar of Trog,
  3935 | D:5      | Found an opulent altar of Gozag,
  3995 | D:6      | Reached skill level 3 in Polearms
  4084 | D:6      | Found Foximou's Assorted Antiques,
  4087 | D:6      | Bought a scroll labeled VATWEL FOBOA for 29 gold pieces
  4087 | D:6      | Bought a scroll labeled ZUGULI LA XIO for 29 gold pieces
  4087 | D:6      | Bought 2 pink potions for 52 gold pieces
  4726 | D:7      | Reached skill level 4 in Polearms
  4798 | D:7      | Reached **** piety under Trog
  4798 | D:7      | Reached skill level 5 in Polearms
  4856 | D:7      | Found a staircase to the Ecumenical Temple,
  4869 | D:7      | Reached XP level 9. HP: 74/74 MP: 9/9
  4947 | D:7      | Noticed Dowan
  4955 | D:7      | Killed Dowan
  4999 | D:7      | Noticed Menkaure
  5005 | D:7      | Killed Menkaure
  5005 | D:7      | Reached skill level 5 in Stealth
  5026 | D:7      | Noticed Prince Ribbit
  5034 | D:7      | Killed Prince Ribbit
  5034 | D:7      | Reached skill level 6 in Polearms
  5137 | D:7      | Found an opulent altar of Gozag,
  5138 | D:7      | Found a sparkling altar of Nemelex Xobeh,
  5206 | D:7      | Noticed Duvessa
  5214 | D:7      | Killed Duvessa
  5429 | D:8      | Reached skill level 7 in Polearms
  5878 | D:9      | Noticed a two-headed ogre
  6134 | D:9      | Reached ***** piety under Trog
  6134 | D:9      | Received a gift from Trog
  6155 | D:9      | Found a glowing golden altar of the Shining One,
  6217 | D:9      | Noticed a troll
  6220 | D:9      | Noticed Erica
  6226 | D:9      | Killed a troll
  6226 | D:9      | Reached skill level 8 in Polearms
  6226 | D:9      | Reached XP level 10. HP: 84/84 MP: 10/10
  6244 | D:9      | Slain by Erica

Levels and vault maps discovered:
D:1:      nzn_arrival_water_spiral, layout_loops_cross, kennysheep_doodads,
          grunt_decor_resistance
D:2:      layout_loops_corners, nicolae_overflow_crystal_walls,
          lemuel_round_altar, nicolae_ru_the_path_less_chosen, uniq_jessica,
          uniq_crazy_yiuf_cottage, uniq_natasha
D:3:      layout_loops_ring, marbit_many_paths, first_ration
D:4:      minmay_opposing_rooms, layout_basic, overflow_temple_1_default
D:5:      layout_cave_pools, lemuel_coloured_pillars_altar,
          nicolae_overflow_hidden_temple, gammafunk_ghost_arena,
          nicolae_gozag_cash_rules_everything_around_me
D:6:      layout_basic, serial_shops, kennysheep_mini
D:7:      layout_basic, grunt_temple_overflow_opulence,
          minmay_temple_entry_junction, minivault_27, roderic_cross_of_infinity,
          minmay_misc_feat_rugged, uniq_menkaure, uniq_duvessa,
          uniq_prince_ribbit1
D:8:      layout_cave_pools
D:9:      layout_rooms, kennysheep_little_box, overflow_temple_1_default,
          overflow_temple_1_default, david_lair_shrubbed, uniq_erica

Skill      XL: |  1  2  3  4  5  6  7  8  9 |
---------------+----------------------------+-----
Dodging        | 3 4 5 6 7 |  7.1
Stealth        | 1 2 3 4 6 |  6.3
Fighting       | 4 5 6 |  6.6
Long Blades    | 4 5 |  5.8
Polearms       | 2 5 8 |  8.0
Shields        | |  0.2

Action                   |  1- 3 |  4- 6 |  7- 9 | 10-12 || total
-------------------------+-------+-------+-------+-------++-------
Melee: Falchion          |    74 |   127 |    20 |       ||   221
       Tailslap          |     6 |    22 |    58 |     1 ||    87
       Halberd           |       |       |   378 |    15 ||   393
Invok: Berserk           |     1 |     4 |     2 |       ||     7
       Trog's Hand       |       |     1 |       |       ||     1
 Abil: Breathe Noxious F |       |       |     1 |       ||     1
  Use: Scroll            |       |       |    13 |     2 ||    15
       Potion            |       |       |       |     1 ||     1
 Stab: Sleeping          |       |     8 |    12 |       ||    20
       Confused          |       |       |     2 |       ||     2
  Eat: Chunk             |       |    10 |    24 |       ||    34
       Ration            |       |       |     1 |       ||     1
Armor: Skin              |    27 |    53 |   169 |    19 ||   268
Dodge: Dodged            |    63 |    95 |   270 |    39 ||   467
Block: Other             |       |       |    11 |     6 ||    17
       Rpst.: Falchion   |    14 |    33 |     2 |       ||    49

Table legend:
 A = Non-vault XP
 B = Vault XP
 C = Vault XP percentage of total XP
 D = Non-vault monster count
 E = Vault monster count
 F = Vault count percentage of total count
                 A         B        C        D         E       F
            +---------+---------+-------+---------+---------+-------
      Total |    4902 |     914 |  15.7 |     157 |      14 |   8.2
            +---------+---------+-------+---------+---------+-------
        D:1 |      30 |       0 |   0.0 |      19 |       0 |   0.0
        D:2 |     174 |     114 |  39.6 |      16 |       3 |  15.8
        D:3 |      48 |       3 |   5.9 |      22 |       1 |   4.3
        D:4 |     492 |     137 |  21.8 |      22 |       6 |  21.4
        D:5 |     614 |       0 |   0.0 |      15 |       0 |   0.0
        D:6 |     207 |       0 |   0.0 |       6 |       0 |   0.0
        D:7 |    1535 |     660 |  30.1 |      25 |       4 |  13.8
        D:8 |    1026 |       0 |   0.0 |      18 |       0 |   0.0
        D:9 |     776 |       0 |   0.0 |      14 |       0 |   0.0
            +---------+---------+-------+---------+---------+-------
